 Dungeon Crawl Stone Soup version 0.29.1-15-g9cfb28693d (webtiles) character file.

Game seed: 7463333029436839573

1479 croobank the Firebug (level 8, -3/59 (60) HPs)
             Began as a Demonspawn Fire Elementalist on Mar 20, 2023.
             Slain by a wight
             ... wielding a +5 flail of freezing
              (10 damage)
             ... on level 7 of the Dungeon.
             The game lasted 00:16:47 (8626 turns).

croobank the Firebug (Demonspawn Fire Elementalist) Turns: 8626, Time: 00:16:47

HP:   -3/59 (60)    AC:  5    Str:  9    XL:     8   Next: 50%
MP:   1/14          EV: 13    Int: 19    God:
Gold: 357           SH:  0    Dex: 13    Spells: 8/15 levels left

rFire   . . .      SeeInvis .   k - +5 quarterstaff (chaos)
rCold   . . .      Faith    .   (shield currently unavailable)
rNeg    + . .      Spirit   .   p - +0 robe
rPois   .          Reflect  .   z - +0 helmet
rElec   .          Harm     .   q - +0 cloak
rCorr   .          Rampage  .   (no gloves)
Will    .....                   (no boots)
Stlth   +++.......              (no amulet)
HPRegen 0.19/turn               j - ring of positive energy
MPRegen 0.14/turn               (no ring)

@: about to teleport, lightly drained
A: rugged brown scales 1, ignite blood 2, powered by death 2, demonic touch 1
a: no special abilities


You were on level 7 of the Dungeon.
You visited 1 branch of the dungeon, and saw 7 of its levels.

You collected 357 gold pieces.

Inventory:

Hand Weapons
 a - a +1 dagger of protection
 e - a +0 short sword
 k - a +5 quarterstaff of chaos (weapon)
 m - a +2 falchion of flaming
 r - a +2 hammer of venom
Missiles
 b - 8 poisoned darts (quivered)
 y - 2 throwing nets
Armour
 c - +0 ice dragon scales
 i - a +0 leather armour
 o - a +0 buckler
 p - a +0 robe (worn)
 q - a +0 cloak (worn)
 z - a +0 helmet (worn)
Jewellery
 j - a ring of positive energy (left hand)
Wands
 s - a wand of flame (37)
 t - a wand of digging (3)
Scrolls
 d - 4 scrolls of teleportation
 w - a scroll of identify
 A - a scroll of amnesia
Potions
 f - a potion of magic
 g - 2 potions of curing
 h - a potion of attraction
 l - 4 potions of brilliance
 n - 2 potions of might
 u - a potion of lignification
 v - 3 potions of haste
 x - 2 potions of flight


   Skills:
 + Level 3.6 Fighting
 + Level 3.1 Staves
 + Level 4.0 Dodging
 + Level 4.3 Stealth
 + Level 4.1 Spellcasting
 + Level 4.1 Conjurations
 + Level 4.5 Fire Magic


You had 8 spell levels left.
You knew the following spells:

 Your Spells              Type           Power      Damage    Failure   Level
a - Foxfire               Conj/Fire      80%        2x1d8     2%          1
b - Scorch                Fire           42%        2d7       3%          2
c - Flame Wave            Conj/Fire      20%        2d7       22%         4

Your spell library contained the following spells:

 Spells                   Type           Power      Damage    Failure   Level
 Conjure Flame            Conj/Fire      20%        6-21      7%          3
 Static Discharge         Conj/Air       11%        3-5/arc   9%          2
 Inner Flame              Hex/Fire       12%        N/A       16%         3
 Sticky Flame             Conj/Fire      20%        2d4       22%         4
 Ozocubu's Armour         Ice            3%         N/A       38%         3
 Portal Projectile        Hex/Tloc       6%         N/A       38%         3
 Tukima's Dance           Hex            3%         N/A       38%         3
 Dispel Undead            Necr           3%         3d7       80%         4
 Blade Hands              Tmut           1%         N/A       98%         5
 Metabolic Englaciation   Hex/Ice        1%         N/A       98%         5
 Simulacrum               Ice/Necr       1%         N/A       100%        6


Dungeon Overview and Level Annotations

Branches:
Dungeon (7/15)
 Temple: D:4-7

Altars:
Ashenzari
Cheibriados
Xom

Shops:
D:4 :


Innate Abilities, Weirdness & Mutations

You are partially covered in rugged brown scales. (AC +1, +3% HP)
Your demonic aura often causes spilled blood to erupt in flames.
You regenerate health from kills.
Your touch may inflict minor irresistible damage on your foes.


Message History

Casting: Scorch (safe; 3% risk of failure)
Confirm with . or Enter, or press ? or * to list all spells.
Flames lash the wight.
The wight is burned terribly!
The wight is almost destroyed.
The wight hits you with a +5 scimitar of freezing!
You partially resist.
You feel drained. The wight freezes you.
An ufetubus comes into view.
Casting: Scorch (safe; 3% risk of failure)
Confirm with . or Enter, or press ? or * to list all spells.
Flames lash the wight but do no damage.
The wight hits you with a +5 scimitar of freezing!
The wight freezes you!
* * * LOW HITPOINT WARNING * * *
Casting: Scorch (safe; 3% risk of failure)
Confirm with . or Enter, or press ? or * to list all spells.
You don't have enough magic to cast this spell.
Casting: Scorch (safe; 3% risk of failure)
Confirm with . or Enter, or press ? or * to list all spells.
You don't have enough magic to cast this spell.
You closely miss the wight.
The wight is almost destroyed.
The wight is engulfed in blazing flames.
You destroy the wight!
Your Dodging skill increases to level 4!
You barely miss the ufetubus.
The ufetubus hits you but does no damage.
The ufetubus hits you.
* * * LOW HITPOINT WARNING * * *
As you read the scroll of teleportation, it crumbles to dust.
You feel strangely unstable. The ufetubus hits you.
* * * LOW HITPOINT WARNING * * *
The ufetubus misses you.
The wight hits you with a +5 flail of freezing!
* * * LOW HITPOINT WARNING * * *
The wight freezes you.
* * * LOW HITPOINT WARNING * * *
The ufetubus closely misses you. x2
You feel better. The ufetubus barely misses you. The ufetubus misses you.
The wight hits you with a +5 flail of freezing!
You die...

.. ....#.....#
...#####...#.....##
.....#.............
...................
........#..)....#
#<.#.)....#..
#............
#...z.....#..
#...@5..###
#..##.......
....###...#....
##..## ....##...
#.# #..## ... ##
#### ..


You could see a wight and an ufetubus.

Vanquished Creatures
  2 black bears
  2 ogres (D:5)
  A sky beast (D:3)
  A phantom (D:7)
  A necrophage (D:6)
  A scorpion (D:6)
  2 wights (D:7)
  3 howler monkeys
  6 hounds
  2 jellies
  Crazy Yiuf (D:2)
  Ijyb (D:4)
  Terence (D:2)
  2 iguanas (D:4)
  A mummy (D:5)
  8 adders
  3 shadow imps
  An ufetubus (D:5)
  A worm (D:2)
  5 dart slugs
  4 orcs
  6 endoplasms
  2 giant cockroaches (D:3)
  8 hobgoblins
  10 jackals
  2 quokkas
  11 ball pythons
  5 bats
  6 frilled lizards
  4 goblins
  8 kobolds
  9 rats
  A butterfly (D:6)
121 creatures vanquished.

Vanquished Creatures (collateral kills)
  A bullfrog (D:6)
1 creature vanquished.

Vanquished Creatures (others)
  190 foxfires
  A fungus (D:2)
  A plant (D:5)
192 creatures vanquished.

Grand Total: 314 creatures vanquished

Notes
Turn   | Place    | Note
-------+----------+-------------------------------------------
     0 | D:1      | croobank the Demonspawn Fire Elementalist began the quest
                  | for the Orb.
     0 | D:1      | Reached XP level 1. HP: 13/13 MP: 3/3
    98 | D:1      | Found a faded altar of an unknown god.
   302 | D:1      | Gained mutation: Your demonic aura sometimes causes spilled
                  | blood to erupt in flames. [demonic ancestry]
   302 | D:1      | Reached XP level 2. HP: 19/19 MP: 1/5
   349 | D:1      | Learned a level 2 spell: Scorch
  1646 | D:2      | Noticed Terence
  1655 | D:2      | Gained mutation: You regenerate a little health from kills.
                  | [demonic ancestry]
  1655 | D:2      | Reached XP level 3. HP: 24/24 MP: 1/6
  1834 | D:2      | Killed Terence
  2021 | D:2      | Gained mutation: Your touch may inflict minor irresistible
                  | damage on your foes. [demonic ancestry]
  2021 | D:2      | Reached XP level 4. HP: 31/31 MP: 3/7
  2027 | D:2      | Learned a level 4 spell: Flame Wave
  2441 | D:2      | Reached skill level 1 in Fighting
  2874 | D:2      | Found a runed translucent door.
  2875 | D:2      | Noticed Crazy Yiuf
  2880 | D:2      | Killed Crazy Yiuf
  3115 | D:3      | Noticed a black bear
  3130 | D:3      | Killed a black bear
  3131 | D:3      | Gained mutation: You are partially covered in rugged brown
                  | scales. (AC +1, +3% HP) [demonic ancestry]
  3131 | D:3      | Reached XP level 5. HP: 23/39 MP: 0/9
  3624 | D:3      | Noticed a sky beast
  3629 | D:3      | Reached skill level 1 in Staves
  3703 | D:3      | Killed a sky beast
  3704 | D:3      | Gained mutation: You regenerate health from kills. [demonic
                  | ancestry]
  3704 | D:3      | Reached XP level 6. HP: 17/45 MP: 3/10
  5026 | D:4      | Found Puragane's Book Emporium.
  5526 | D:4      | Noticed Ijyb
  5529 | D:4      | Killed Ijyb
  5709 | D:4      | Gained mutation: Your demonic aura often causes spilled
                  | blood to erupt in flames. [demonic ancestry]
  5709 | D:4      | Reached XP level 7. HP: 52/52 MP: 6/11
  5944 | D:5      | Entered Level 5 of the Dungeon
  6284 | D:5      | Found a snail-covered altar of Cheibriados.
  7064 | D:6      | Found a broken altar of Ashenzari.
  7140 | D:6      | Reached XP level 8. HP: 59/59 MP: 1/13
  8252 | D:6      | Found a shimmering altar of Xom.
  8625 | D:7      | HP: 2/59 [wight/+5 flail of freezing (3)]
  8626 | D:7      | Slain by a wight

Illustrated notes

Levels and vault maps discovered:
D:1:      dpeg_arrival_arbitrary_b, layout_loops_ring,
          hellmonk_ecumenical_altar_run_dry
D:2:      layout_basic, uniq_terence, uniq_crazy_yiuf_cottage
D:3:      minmay_spotlight, layout_basic, nicolae_underground_beach
D:4:      layout_loops_ring, serial_shops, nicolae_shop_stone,
          serial_bayou_crossing, uniq_ijyb
D:5:      layout_cave_pools, nicolae_elyvilon_temple_path, slow_altar_1,
          hex_medium
D:6:      layout_loops_corners, cheibrodos_ashenzari_chains, xom_butterflies,
          minivault_27
D:7:      layout_cave_pools, minmay_temple_entry_nine_rooms, enter_bailey_2,
          serial_demonic, serial_demonic_e, serial_demonic_g, serial_demonic_g,
          serial_demonic_g, serial_demonic_d, serial_demonic_g, minivault_14,
          guppyfry_shop_venom

Skill      XL: |  1  2  3  4  5  6  7  8 |
---------------+-------------------------+-----
Stealth        | 2 3 4 |  4.3
Dodging        | 2 3 4 |  4.0
Fire Magic     | 3 4 |  4.5
Fighting       | 1 2 3 |  3.6
Conjurations   | 2 3 4 |  4.1
Staves         | 1 2 3 |  3.1
Spellcasting   | 3 4 |  4.1

Action                   |  1- 3 |  4- 6 |  7- 9 || total
-------------------------+-------+-------+-------++-------
Melee: Club              |     1 |       |       ||     1
       Dagger            |    23 |       |       ||    23
       Quarterstaff      |       |    38 |    29 ||    67
Throw: Dart              |     2 |       |       ||     2
 Cast: Foxfire           |    37 |    42 |    40 ||   119
       Scorch            |    25 |    52 |    36 ||   113
  Use: Potion            |     1 |       |     1 ||     2
       Scroll            |       |    12 |     7 ||    19
 Stab: Sleeping          |       |     1 |     2 ||     3
Armor: Robe              |     4 |    12 |     9 ||    25
Dodge: Dodged            |    15 |    42 |    26 ||    83
